 Dungeon Crawl Stone Soup version 0.18-a0-1577-gf591c28 (webtiles) character file.

191 namelastname112 the Insei (level 5, -4/45 HPs)
             Began as a Draconian Monk on Mar 22, 2016.
             Killed by divine providence
             ... invoked by an orc priest
              (11 damage)
             ... on level 4 of the Dungeon.
             The game lasted 00:03:39 (2834 turns).

namelastname112 the Insei (Draconian Monk)          Turns: 2834, Time: 00:03:39

Health: -4/45      AC:  6    Str: 13    XL:     5   Next: 41%
Magic:  14/14      EV: 13    Int: 10    God:
Gold:   110        SH:  0    Dex: 15    Spells: 0 memorised, 4 levels left

rFire  + . .     SeeInvis .       - Unarmed
rCold  . . .     Gourm    .     (armour unavailable)
rNeg   . . .     Faith    .     (no shield)
rPois  .         Spirit   .     (helmet restricted)
rElec  .         Dismiss  .     h - +0 cloak
rCorr  .         Reflect  .     (no gloves)
SustAt .         Harm     .     (no boots)
MR     .....                    (no amulet)
Stlth  ++........               q - ring of protection from fire
                                k - ring of magical power

@: not resistant to hostile enchantments, unstealthy
A: unfitting armour, cold-blooded, AC +5
a: no special abilities


You were on level 4 of the Dungeon.
You were not hungry.

You visited 1 branch of the dungeon, and saw 4 of its levels.

You collected 110 gold pieces.

Inventory:

Armour
 h - a +0 cloak (worn)
Jewellery
 k - a ring of magical power (left hand)
 q - a ring of protection from fire (right hand)
Scrolls
 b - a scroll of enchant armour {unknown}
 c - a scroll of remove curse {unknown}
 d - a scroll of immolation {unknown}
 j - a scroll of teleportation {unknown}
 l - a scroll of noise {unknown}
 m - 4 scrolls of recharging {unknown}
 n - a scroll of random uselessness {unknown}
 p - a scroll of identify {unknown}
Potions
 e - a potion of berserk rage
 g - a potion of beneficial mutation {unknown}
 i - 2 potions of haste {unknown}
 s - a potion of curing {unknown}
 u - 2 potions of cancellation {unknown}
Books
 t - a book of Dreams

   Spells                             Type                      Level
   a - Ensorcelled Hibernation        Hexes/Ice                    2
   b - Silence                        Hexes/Air                    5
   c - Darkness                       Hexes                        6
   d - Shadow Creatures               Summoning                    6
Comestibles
 a - a bread ration
 f - a meat ration
 o - a beef jerky
 r - 4 chunks of flesh


   Skills:
 - Level 3.2 Fighting
 - Level 2.6 Dodging
 - Level 1.7 Stealth
 + Level 6.8 Unarmed Combat


You had 4 spell levels left.
You didn't know any spells.

Dungeon Overview and Level Annotations

Branches:
Dungeon (4/15)
 Temple: D:4-7

Altars:

Annotations:
D:3 PeterLawrence's ghost, amateur GrFi


Innate Abilities, Weirdness & Mutations

Your plain brown scales are hard (AC +5).
Your body does not fit into most forms of armour.
You are cold-blooded and may be slowed by cold attacks.


Message History

An ogre comes into view. It is wielding a giant club.
An ogre is nearby!
An ogre is nearby!
You aren't carrying any items that can be evoked.
Found a stone staircase leading up.
The ogre shouts!
You hear a shout! x2
The ogre hits you with a giant club!!
An orc priest comes into view. It is wielding a war axe.
The orc priest calls down the wrath of Beogh upon you.
Beogh smites you!
The orc priest invokes the aid of Beogh against you.
Beogh smites you!
* * * LOW HITPOINT WARNING * * *
There is a stone staircase leading down here.
You see here 15 stones.
Things that are here:
a jackal corpse; a jackal skeleton The orc priest invokes the aid of Beogh against you.
Beogh smites you!
You die...

#.........#
#.........#
#.....>...#
#.........#
#.........#
#......(..#
#.........#
#........†####
######...o.@.#
##.####O# #.#
#.# #.# #†#
#.####.#
#......#
########


You could see an ogre and an orc priest.

Vanquished Creatures
  A scorpion (D:4)
  A hound (D:4)
  An orc wizard (D:4)
  An adder (D:2)
  An ooze (D:1)
  A dart slug (D:2)
  A giant gecko (D:2)
  4 orcs (D:3)
  2 giant cockroaches
  9 goblins
  8 hobgoblins
  13 jackals
  5 kobolds
  A ball python (D:2)
  5 bats
  A giant newt (D:2)
  7 rats
62 creatures vanquished.

Notes
Turn   | Place    | Note
--------------------------------------------------------------
     0 | D:1      | namelastname112 the Draconian Monk began the quest for the Orb.
     0 | D:1      | Reached XP level 1. HP: 19/19 MP: 1/1
   250 | D:1      | Reached XP level 2. HP: 23/26 MP: 2/2
   749 | D:1      | Reached skill level 5 in Unarmed Combat
   749 | D:1      | Reached XP level 3. HP: 26/31 MP: 3/3
  1914 | D:2      | Reached XP level 4. HP: 38/38 MP: 4/4
  2284 | D:3      | Noticed PeterLawrence's ghost (amateur GrFi)
  2358 | D:4      | Reached skill level 6 in Unarmed Combat
  2416 | D:4      | jacquesderrida: Конфуций
  2653 | D:4      | Reached XP level 5. HP: 45/45 MP: 5/5
  2789 | D:4      | Noticed an ogre
  2834 | D:4      | Killed from afar by an orc priest

Vault maps used:
D:1:      dpeg_arrival_rooms_with_view, lemuel_another_geyser
D:2:      hangedman_decor_riveting
D:3:      led_sif_pool, first_bread, amalloy_card_club, uniq_crazy_yiuf_cottage,
          uniq_terence

Skill      XL: |  1  2  3  4 |
---------------+-------------+-----
Unarmed Combat | 5 6 |  6.8
Fighting       | |  3.2
Dodging        | |  2.6
Stealth        | |  1.7

Action                   |  1- 3 |  4- 6 || total
-------------------------+-------+-------++-------
Melee: Unarmed           |   147 |    71 ||   218
  Use: Potion            |       |     1 ||     1
 Stab: Sleeping          |     2 |     1 ||     3
  Eat: Chunk             |     3 |     4 ||     7
